 Dungeon Crawl Stone Soup version 0.28-a0-691-gad6df49e81 (webtiles) character file.

Game seed: 2213447661876758840

83 McGhostyFace the Magician (level 4, 0/38 HPs)
             Began as a Gnoll Wanderer on Oct 21, 2021.
             Was a Follower of Uskayaw.
             Constricted to death by a ball python (1 damage)
             ... on level 2 of the Dungeon.
             The game lasted 00:05:12 (2320 turns).

McGhostyFace the Magician (Gnoll Wanderer)          Turns: 2320, Time: 00:05:13

Health: 0/38       AC:  8    Str: 11    XL:     4   Next: 44%
Magic:  13/13      EV:  5    Int: 10    God:    Uskayaw [*.....]
Gold:   51         SH:  8    Dex: 14    Spells: 17/17 levels left

rFire   . . .      SeeInvis .   n - +2 dagger (venom)
rCold   . . .      Faith    .   c - +0 kite shield
rNeg    . . .      Spirit   .   b - +0 ring mail
rPois   .          Reflect  .   p - +2 helmet
rElec   .          Harm     .   (no cloak)
rCorr   .          Rampage  .   (no gloves)
Will    .....                   (no boots)
Stlth   +.........              (no amulet)
HPRegen 0.12/turn               (no ring)
MPRegen 0.13/turn               (no ring)

@: lethally poisoned (0 -> -8), constricted
A: fangs 1, strong nose, distributed training
a: Renounce Religion, Stomp


You were on level 2 of the Dungeon.
You worshipped Uskayaw.
Uskayaw was noncommittal.
You visited 1 branch of the dungeon, and saw 2 of its levels.

You collected 51 gold pieces.

Inventory:

Hand Weapons
 a - a +0 hand crossbow
 j - a +0 dagger
 n - a +2 dagger of venom (weapon)
Missiles
 d - 38 bolts
 s - 5 curare-tipped darts (quivered)
Armour
 b - a +0 ring mail (worn)
 c - a +0 kite shield (worn)
 p - a +2 helmet (worn)
Wands
 o - a wand of polymorph (4)
Scrolls
 e - 4 scrolls of identify {unknown}
 f - a scroll of torment {unknown}
 h - a scroll of blinking {unknown}
 l - a scroll of fear {unknown}
 m - a scroll of immolation {unknown}
 q - a scroll of teleportation {unknown}
 r - a scroll of amnesia {unknown}
Potions
 g - 3 potions of lignification {unknown}
 i - 2 potions of heal wounds {unknown}
 k - a potion of brilliance {unknown}


   Skills:
 + Level 4.6 Fighting
 + Level 1.1 Short Blades
 + Level 1.1 Long Blades
 + Level 1.1 Axes
 + Level 1.1 Maces & Flails
 + Level 1.1 Polearms
 + Level 1.1 Staves
 + Level 1.1 Slings
 + Level 1.1 Bows
 + Level 4.6 Crossbows
 + Level 1.1 Throwing
 + Level 2.7 Armour
 + Level 1.1 Dodging
 + Level 2.5 Stealth
 + Level 2.7 Shields
 + Level 1.1 Unarmed Combat
 + Level 7.2 Spellcasting
 + Level 0.9 Conjurations
 + Level 0.9 Hexes
 + Level 0.9 Summonings
 + Level 0.9 Necromancy
 + Level 0.9 Translocations
 + Level 0.9 Transmutations
 + Level 0.9 Fire Magic
 + Level 0.9 Ice Magic
 + Level 0.9 Air Magic
 + Level 0.9 Earth Magic
 + Level 0.9 Poison Magic
 + Level 1.2 Invocations
 + Level 1.1 Evocations


You had 17 spell levels left.
You didn't know any spells.
Your spell library was empty.

Dungeon Overview and Level Annotations

Branches:
Dungeon (2/15)

Altars:
Uskayaw
Xom

Shops:
D:1 (?   D:2 !


Innate Abilities, Weirdness & Mutations

You have very sharp teeth.
Your uncanny sense of smell can sniff out nearby items.
Your experience applies equally to all skills.


Message History

You block the rat's attack. The adder bites you.
You are poisoned.
The adder poisons you!
The ball python bites you but does no damage.
The ball python constricts you.
You feel sick. You block the frilled lizard's attack. The adder bites you.
You are more poisoned.
The adder poisons you! The rat completely misses you.
You block the ball python's attack. The ball python constricts you.
You feel very sick. You block the bat's attack. The adder bites you.
You are more poisoned.
The adder poisons you!
The frilled lizard bites you but does no damage.
You block the ball python's attack. The ball python constricts you.
The rat bites you.
* * * LOW HITPOINT WARNING * * *
You feel sick. The bat barely misses you.
The adder bites you but does no damage. You block the ball python's attack.
The ball python constricts you.
* * * LOW HITPOINT WARNING * * *
The frilled lizard bites you but does no damage.
The rat bites you but does no damage. The adder bites you but does no damage.
* * * LOW HITPOINT WARNING * * *
You feel sick. The bat completely misses you. You block the bat's attack.
You block the ball python's attack. The ball python constricts you.
You block the frilled lizard's attack. The bat hits you but does no damage.
The rat closely misses you. The adder bites you.
* * * LOW HITPOINT WARNING * * *
You are more poisoned.
The adder poisons you!
The ball python bites you but does no damage.
The ball python constricts you.
* * * LOW HITPOINT WARNING * * *
You feel very sick. The bat closely misses you.
The adder bites you but does no damage. You block the frilled lizard's attack.
The rat bites you but does no damage.
The ball python bites you but does no damage.
The ball python constricts you.
You die...

.....#........
>...#........ ∆
...#.......# ..
..........# ...
.........# .... ........>
#....# #SS.....#
#.....##@l......
#.....b.r.∩.###.
#...............
#.....#.......## .....
#....##.....### ........[
#............# ..........
#.....#....#.............
#####.#....##............
#...........>............


You could see an adder, a bat, a ball python, a frilled lizard and a rat.

Vanquished Creatures
  Robin (D:2)
  An adder (D:2)
  A worm (D:2)
  A dart slug (D:2)
  7 endoplasms
  A giant cockroach (D:1)
  12 goblins
  11 hobgoblins
  2 jackals (D:1)
  3 ball pythons
  5 bats (D:1)
  3 frilled lizards
  2 kobolds
  A rat (D:2)
51 creatures vanquished.

Notes
Turn   | Place    | Note
-------+----------+-------------------------------------------
     0 | D:1      | McGhostyFace the Gnoll Wanderer began the quest for the
                  | Orb.
     0 | D:1      | McGhostyFace set off with the following items: a +0 hand
                  | crossbow, a +0 ring mail, a +0 kite shield, 26 bolts
     0 | D:1      | Reached XP level 1. HP: 20/20 MP: 8/8
    40 | D:1      | Found Jenkulir's Antique Weapon Shoppe.
    90 | D:1      | Reached XP level 2. HP: 15/26 MP: 10/10
   762 | D:1      | Found Iplog's Magic Scroll Emporium.
   766 | D:1      | Reached XP level 3. HP: 31/31 MP: 11/11
  1451 | D:2      | Found a shimmering altar of Xom.
  1456 | D:2      | Reached skill level 1 in Invocations
  1457 | D:2      | Noticed Robin
  1842 | D:2      | Reached skill level 1 in Short Blades
  1842 | D:2      | Reached skill level 1 in Long Blades
  1842 | D:2      | Reached skill level 1 in Axes
  1842 | D:2      | Reached skill level 1 in Maces & Flails
  1842 | D:2      | Reached skill level 1 in Polearms
  1842 | D:2      | Reached skill level 1 in Staves
  1842 | D:2      | Reached skill level 1 in Slings
  1842 | D:2      | Reached skill level 1 in Bows
  1842 | D:2      | Reached skill level 1 in Throwing
  1842 | D:2      | Reached skill level 1 in Dodging
  1842 | D:2      | Reached skill level 1 in Unarmed Combat
  1842 | D:2      | Reached skill level 1 in Evocations
  1881 | D:2      | Killed Robin
  1882 | D:2      | Reached XP level 4. HP: 35/38 MP: 13/13
  2108 | D:2      | Found a faded altar of an unknown god.
  2183 | D:2      | Prayed at the altar of an unknown god.
  2183 | D:2      | Became a worshipper of Uskayaw the Reveller
  2183 | D:2      | Reached * piety under Uskayaw
  2244 | D:2      | Found Ganor's Distillery.
  2320 | D:2      | HP: 1/38 [poisoned by an adder]
  2320 | D:2      | Constricted to death by a ball python

Illustrated notes

Levels and vault maps discovered:
D:1:      tarquinn_simple_flora_water_d, layout_basic, serial_shops,
          nicolae_lakefront_shop, nicolae_shop_competitors_out_of_business
D:2:      layout_rooms, serial_shops, shop, shop, basic_altar,
          shapermc_ecumenical_altar_hornbeckon, minmay_tromino_mix6, uniq_robin,
          uniq_crazy_yiuf_cottage

Skill      XL: |  1  2  3 |
---------------+----------+-----
Invocations    | 1 |  1.2
Short Blades   | 1 |  1.1
Long Blades    | 1 |  1.1
Axes           | 1 |  1.1
Maces & Flails | 1 |  1.1
Polearms       | 1 |  1.1
Staves         | 1 |  1.1
Slings         | 1 |  1.1
Bows           | 1 |  1.1
Throwing       | 1 |  1.1
Dodging        | 1 |  1.1
Unarmed Combat | 1 |  1.1
Evocations     | 1 |  1.1
Fighting       | |  4.6
Crossbows      | |  4.6
Armour         | |  2.7
Stealth        | |  2.5
Shields        | |  2.7
Spellcasting   | |  7.2
Conjurations   | |  0.9
Hexes          | |  0.9
Summonings     | |  0.9
Necromancy     | |  0.9
Translocations | |  0.9
Transmutations | |  0.9
Fire Magic     | |  0.9
Ice Magic      | |  0.9
Air Magic      | |  0.9
Earth Magic    | |  0.9
Poison Magic   | |  0.9

Action                   |  1- 3 |  4- 6 || total
-------------------------+-------+-------++-------
Melee: Dagger            |    38 |    21 ||    59
       Unarmed           |     9 |     2 ||    11
       Bite              |     2 |       ||     2
 Fire: Hand crossbow     |    76 |     6 ||    82
Throw: Dart              |       |     1 ||     1
Armor: Ring mail         |    26 |    82 ||   108
       Skin              |     4 |       ||     4
Dodge: Dodged            |    34 |    56 ||    90
Block: Kite shield       |    30 |    68 ||    98

Table legend: (Time is in decaauts)
 A = Elapsed time spent in this place.
 B = Non-inter-level travel time spent in this place.
 C = Inter-level travel time spent in this place.
 D = Time resting spent in this place.
 E = Time spent auto-exploring this place.
 F = Levels seen in this place.
 G = Mean time per level.
                   A        B        C        D        E       F      G
               +--------+--------+--------+--------+--------+-----+--------+
         Total |   2387 |   2304 |     83 |    939 |    885 |   2 | 1193.5 |
       Dungeon |   2387 |   2304 |     83 |    939 |    885 |   2 | 1193.5 |
               +--------+--------+--------+--------+--------+-----+--------+

Top non-repeatable levels by time:
     D:1: 1839 daAuts
     D:2: 548 daAuts
